 Seeded DCSS version 0.29-a0-837-g174bc33 (webtiles) character file.

Game seed: 37093673280756160 (custom seed)

20769 GeorgeSoros the Tainter (level 12, -2/93 HPs)
             Began as a White Draconian Venom Mage on July 12, 2022.
             Was a Priest of Hepliaklqana.
             Slain by a seven-headed hydra (3 damage)
             ... on level 4 of the Lair of Beasts on July 16, 2022.
             The game lasted 01:04:09 (12773 turns).

GeorgeSoros the Tainter (DrVM)                     Turns: 12773, Time: 01:04:09

Health: -2/93      AC: 12    Str: 12    XL:     12   Next: 48%
Magic:  14/15      EV: 14    Int: 19    God:    Hepliaklqana [***...]
Gold:   945        SH: 16    Dex: 12    Spells: 5/15 levels left

rFire   . . .      SeeInvis .   v - +3 trident
rCold   + . .      Faith    .   b - +0 tower shield
rNeg    . . .      Spirit   .   (body armour unavailable)
rPois   .          Reflect  .   o - +2 hat
rElec   .          Harm     .   (no cloak)
rCorr   .          Rampage  .   x - +0 pair of gloves
Will    .....                   f - +0 pair of boots
Stlth   ++........              g - amulet of regeneration
HPRegen 1.05/turn               d - +4 ring of evasion
MPRegen 0.14/turn               (no ring)

@: short of breath
A: reduced essence, breathe frost, AC +8, unfitting armour, cold resistance 1,
cold-blooded
a: Breathe Frost, Renounce Religion, Recall Ancestor, Ancestor Identity,
Transference


You were on level 4 of the Lair of Beasts.
You worshipped Hepliaklqana.
Hepliaklqana was most pleased with you.
You visited 3 branches of the dungeon, and saw 14 of its levels.

You collected 945 gold pieces.

Inventory:

Hand Weapons
 e - a +3 mace of draining
 v - a +3 trident (weapon)
 H - the +8 short sword "Waocof" {speed, Dex+2}
   (You found it on level 2 of the Lair of Beasts)

   Attacks with this weapon are significantly faster.
   Dex:       It affects your dexterity (+2).
Missiles
 n - 2 throwing nets
 C - 4 curare-tipped darts
Armour
 b - a +0 tower shield (worn)
 f - a +0 pair of boots (worn)
 o - a +2 hat (worn)
 x - a +0 pair of gloves (worn)
Jewellery
 d - a +4 ring of evasion (left hand)
 g - an amulet of regeneration (around neck)
 r - an amulet of reflection
 y - an amulet of guardian spirit
Wands
 l - a wand of digging (3)
 t - a wand of flame (5)
 z - a wand of acid (12)
 D - a wand of polymorph (8)
 E - a wand of mindburst (7)
Scrolls
 j - 2 scrolls of amnesia
 m - 2 scrolls of enchant weapon
 q - a scroll of silence
 s - 3 scrolls of teleportation
 B - 3 scrolls of identify
 F - 2 scrolls of blinking
 G - 3 scrolls of magic mapping
Potions
 a - a potion of magic
 c - 5 potions of attraction
 h - 4 potions of heal wounds
 i - 4 potions of mutation
 k - 2 potions of ambrosia
 p - 2 potions of resistance
 u - 2 potions of brilliance
 w - 2 potions of lignification
 A - a potion of flight
 I - 2 potions of curing
 J - a potion of berserk rage


   Skills:
 - Level 9.0 Fighting
 - Level 4.2 Dodging
 - Level 1.8 Stealth
 + Level 11.3 Shields
 - Level 2.0 Spellcasting
 - Level 4.5 Conjurations
 - Level 1.0 Transmutations
 - Level 6.0 Air Magic
 + Level 13.3 Poison Magic


You had 5 spell levels left.
You knew the following spells:

 Your Spells              Type           Power      Damage    Failure   Level
a - Sting                 Tmut/Pois      100%       1d8       4%          1
b - Poisonous Vapours     Pois/Air       76%        N/A       2%          2
c - Mephitic Cloud        Conj/Pois/Air  32%        N/A       10%         3
d - Olgreb's Toxic Radia  Pois           51%        N/A       3%          4

Your spell library contained the following spells:

 Spells                   Type           Power      Damage    Failure   Level
 Alistair's Intoxication  Tmut/Pois      19%        N/A       78%         5
 Blink                    Tloc           2%         N/A       80%         2
 Lesser Beckoning         Tloc           1%         N/A       95%         3
 Cause Fear               Hex            0%         N/A       100%        4
 Borgnjor's Vile Clutch   Necr/Erth      0%         N/A       100%        5
 Manifold Assault         Tloc           1%         N/A       100%        5
 Eringya's Noxious Bog    Tmut/Pois      14%        N/A       100%        6
 Dragon Form              Tmut           3%         N/A       100%        7
 Dragon's Call            Summ           0%         N/A       100%        9


Dungeon Overview and Level Annotations

Branches:
Dungeon (9/15)             Temple (1/1) D:7            Lair (4/6) D:9
 Shoals (0/4) Lair:3        Snake (0/4) Lair:3
    Orc: D:9-12

Altars:
Ashenzari
Cheibriados
Dithmenos
Elyvilon
Fedhas
Gozag
Hepliaklqana
Kikubaaqudgha
Makhleb
Nemelex Xobeh
Okawaru
Qazlal
Ru
Sif Muna
Trog
Uskayaw
Vehumet
Wu Jian
Xom
Yredelemnul
Zin
The Shining One

Shops:
D:6 *

Annotations:
Lair:2 3 runed translucent doors, Haraddelas's ghost, journeyman OpTm


Innate Abilities, Weirdness & Mutations

Your life essence is reduced to manifest your ancestor. (-10% HP)
You can breathe waves of freezing cold which knock back foes.
Your icy white scales are hard. (AC +8)
You cannot fit into any form of body armour.
Your flesh is cold resistant. (rC+)
You are cold-blooded and may be slowed by cold attacks.


Message History

* * * LOW HITPOINT WARNING * * *
The seven-headed hydra closely misses you.
Aiming: Breathe Frost (2% risk of failure)
Press: ? - help, Shift-Dir - straight line, f/p - seven-headed hydra
Aim: a seven-headed hydra (heavily wounded, lightly drained, 90% to hit)
You exhale a wave of freezing cold.
The freezing breath hits the seven-headed hydra!
The seven-headed hydra is severely wounded.
The seven-headed hydra is blown backwards by the freezing wind.
You have got your breath back.
Aiming: Breathe Frost (2% risk of failure)
Press: ? - help, Shift-Dir - straight line, f/p - seven-headed hydra
Aim: a seven-headed hydra (heavily wounded, lightly drained, 90% to hit)
You exhale a wave of freezing cold.
The freezing breath hits the seven-headed hydra.
The seven-headed hydra is severely wounded.
The seven-headed hydra attacks as you move away!
The seven-headed hydra bites you.
* * * LOW HITPOINT WARNING * * *
The seven-headed hydra bites you but does no damage.
The seven-headed hydra barely misses you.
You block the seven-headed hydra's attack. x2
The seven-headed hydra closely misses you.
The seven-headed hydra barely misses you.
Aiming: Corrosive Bolt
Press: ? - help, Shift-Dir - straight line, f/p - seven-headed hydra
Aim: a seven-headed hydra (heavily wounded, lightly drained, 90% to hit)
The bolt of acid hits the seven-headed hydra!
The seven-headed hydra is severely wounded.
The seven-headed hydra seems less drained.
The seven-headed hydra bites you!
* * * LOW HITPOINT WARNING * * *
The seven-headed hydra bites you!
* * * LOW HITPOINT WARNING * * *
You block the seven-headed hydra's attack. x2
The seven-headed hydra barely misses you.
The seven-headed hydra bites you.
* * * LOW HITPOINT WARNING * * *
The seven-headed hydra bites you.
You die...

.##. # #.### ..
##.##### #.
#####P+..#P####
#............P#
##...........P# #
#............# ..#
#...........#.
#...+...........#
#.......@....##
##......D.....#
##..#PP.+#####
####P...# ## #####
#.##.P.### #P+#.#.#
##....P...##
.......###.........P#
.......+...........##
........#..........#


You could see a seven-headed hydra.

Vanquished Creatures
  2 hydras (Lair:2)
  3 death yaks (Lair:2)
  Sonja (Lair:1)
  Pikel (D:5)
  2 black mambas
  3 elephants (Lair:2)
  5 komodo dragons
  Prince Ribbit (D:5)
  3 blink frogs (Lair:2)
  9 yaks
  A wraith (D:9)
  4 wyverns
  A basilisk (D:9)
  2 steam dragons
  An acid dragon (D:9)
  2 nagas (Lair:3)
  5 water moccasins
  An ice beast (D:7)
  2 sky beasts
  4 orc warriors
  4 centaurs
  7 wolves
  3 phantoms
  4 lemures (D:5)
  4 bullfrogs
  A gnoll sergeant (D:9)
  3 kobold brigands (D:9)
  7 scorpions
  19 wights
  An electric eel (Lair:1)
  5 hounds
  2 orc priests
  2 gnoll boudas
  Ijyb (D:3)
  6 iguanas
  An ancestor (Lair:2)
  An orc wizard (D:8)
  Robin (D:3)
  17 gnolls
  15 adders
  4 shadow imps
  2 white imps (D:5)
  2 ufetubi (D:5)
  3 worms
  3 dart slugs
  21 orcs
  8 ball pythons
  10 bats
  7 endoplasms
  A giant cockroach (D:3)
  16 goblins
  13 hobgoblins
  5 jackals
  8 quokkas
  4 frilled lizards
  18 kobolds
  4 rats
286 creatures vanquished.

Vanquished Creatures (collateral kills)
  3 death yaks (Lair:2)
  An elephant (Lair:2)
  A cane toad (Lair:1)
  2 rime drakes (Lair:2)
  2 komodo dragons
  A polar bear (Lair:1)
  2 yaks (Lair:3)
  A basilisk (Lair:2)
  3 nagas (Lair:3)
  5 water moccasins
  2 wolves
  2 centaurs (Lair:3)
  2 bullfrogs (Lair:3)
27 creatures vanquished.

Vanquished Creatures (others)
  4 hexers
  2 ancestors (Lair:2)
  A kobold (D:9)
  13 fungi
  49 plants
69 creatures vanquished.

Grand Total: 382 creatures vanquished

Notes
Turn   | Place    | Note
-------+----------+-------------------------------------------
     0 | D:1      | GeorgeSoros the Draconian Venom Mage began the quest for
                  | the Orb.
     0 | D:1      | Reached XP level 1. HP: 14/14 MP: 3/3
   185 | D:1      | Reached XP level 2. HP: 22/22 MP: 0/5
   244 | D:1      | Upgraded the game from 0.29-a0-834-g1e95ca9 to
                  | 0.29-a0-837-g174bc33
   315 | D:1      | Reached skill level 1 in Fighting
   365 | D:1      | Found a faded altar of an unknown god.
   727 | D:1      | Reached skill level 1 in Shields
   789 | D:1      | Reached XP level 3. HP: 22/28 MP: 3/6
  1412 | D:2      | Reached XP level 4. HP: 31/36 MP: 4/7
  1665 | D:2      | Learned a level 2 spell: Poisonous Vapours
  1900 | D:3      | Identified the +0 helmet "Jawer" {Str+2 Slay+2}
  1900 | D:3      | Noticed Robin
  1909 | D:3      | Found a bloodstained altar of Trog.
  1918 | D:3      | Reached skill level 4 in Poison Magic
  1938 | D:3      | Killed Robin
  1939 | D:3      | Reached skill level 1 in Air Magic
  2009 | D:3      | Reached XP level 5. HP: 41/41 MP: 6/8
  2407 | D:3      | Noticed Ijyb
  2435 | D:3      | Killed Ijyb
  2592 | D:3      | Found a snail-covered altar of Cheibriados.
  2592 | D:3      | Found a glowing golden altar of the Shining One.
  2727 | D:4      | Reached XP level 6. HP: 45/48 MP: 6/9
  3441 | D:5      | Entered Level 5 of the Dungeon
  3465 | D:5      | Noticed Pikel
  3508 | D:5      | Reached skill level 5 in Poison Magic
  3565 | D:5      | Noticed Prince Ribbit
  3583 | D:5      | Killed Prince Ribbit
  3584 | D:5      | Your scales start taking on an icy white colour.
  3584 | D:5      | Reached XP level 7. HP: 23/55 MP: 6/10
  3584 | D:5      | Gained mutation: Your flesh is cold resistant. (rC+) [White
                  | Draconian growth]
  3803 | D:5      | Learned a level 3 spell: Mephitic Cloud
  3808 | D:5      | Learned a level 4 spell: Olgreb's Toxic Radiance
  4069 | D:5      | Killed Pikel
  4070 | D:5      | Reached skill level 6 in Poison Magic
  4070 | D:5      | Reached XP level 8. HP: 52/61 MP: 3/11
  4398 | D:6      | Found a hide-covered altar of Uskayaw.
  4406 | D:5      | Reached skill level 5 in Air Magic
  4848 | D:6      | Reached skill level 7 in Poison Magic
  5271 | D:6      | Reached XP level 9. HP: 55/67 MP: 12/12
  5763 | D:6      | Found Foerichu's General Store.
  6108 | D:7      | Reached skill level 8 in Poison Magic
  6184 | D:7      | Found a staircase to the Ecumenical Temple.
  6201 | Temple   | Entered the Ecumenical Temple
  6344 | Temple   | Became a worshipper of Hepliaklqana the Forgotten
  7074 | D:8      | Reached skill level 5 in Fighting
  7654 | D:8      | Identified the +2 robe "Wael" {Int+7}
  7728 | D:8      | Reached skill level 5 in Shields
  7728 | D:8      | Reached XP level 10. HP: 54/76 MP: 13/13
  7751 | D:8      | Reached skill level 9 in Poison Magic
  8490 | D:9      | Reached skill level 10 in Poison Magic
  8614 | D:9      | Found a staircase to the Lair.
  9050 | Lair:1   | Entered Level 1 of the Lair of Beasts
  9145 | Lair:1   | Reached * piety under Hepliaklqana
  9186 | Lair:1   | HP: 3/79 [polar bear (16)]
  9301 | Lair:1   | Noticed Sonja
  9316 | Lair:1   | Noticed a cane toad
  9318 | Lair:1   | Killed Sonja
  9319 | Lair:1   | Reached XP level 11. HP: 84/84 MP: 3/14
 10077 | Lair:2   | Noticed a six-headed hydra
 10088 | Lair:2   | Killed a six-headed hydra
 10406 | Lair:2   | Found a runed translucent gate.
 10406 | Lair:2   | Found a runed translucent gate.
 10406 | Lair:2   | Found a runed translucent gate.
 10406 | Lair:2   | Noticed a nine-headed hydra
 10407 | Lair:2   | Noticed Haraddelas's ghost (journeyman OpTm)
 10408 | Lair:2   | Noticed a 12-headed hydra
 10432 | Lair:2   | Reached skill level 11 in Poison Magic
 10466 | Lair:2   | Reached ** piety under Hepliaklqana
 10466 | Lair:2   | Noticed a six-headed hydra
 10554 | Lair:2   | Remembered your ancestor Aula as a hexer
 10581 | Lair:2   | Killed a six-headed hydra
 10833 | Lair:2   | Noticed a death yak
 10835 | Lair:2   | Noticed a death yak
 10837 | Lair:2   | Noticed a death yak
 10839 | Lair:2   | Noticed a death yak
 10849 | Lair:2   | Noticed a death yak
 10858 | Lair:2   | Reached skill level 12 in Poison Magic
 10863 | Lair:2   | Noticed a death yak
 10871 | Lair:2   | Killed a death yak
 10874 | Lair:2   | Killed a death yak
 10875 | Lair:2   | Killed a death yak
 10876 | Lair:2   | Reached skill level 10 in Shields
 10876 | Lair:2   | Reached XP level 12. HP: 47/93 MP: 1/15
 10892 | Lair:2   | Killed a death yak
 10938 | Lair:2   | Killed a death yak
 10966 | Lair:2   | Killed a death yak
 11179 | Lair:2   | Identified the +8 short sword "Waocof" {speed, Dex+2}
 11697 | Lair:3   | Found a staircase to the Snake Pit.
 11864 | Lair:3   | Found a staircase to the Shoals.
 11874 | Lair:3   | Reached skill level 13 in Poison Magic
 12681 | Lair:4   | Reached *** piety under Hepliaklqana
 12745 | Lair:4   | Noticed a seven-headed hydra
 12773 | Lair:4   | HP: 1/93 [seven-headed hydra (4)]
 12773 | Lair:4   | Slain by a seven-headed hydra

Illustrated notes

Levels and vault maps discovered:
D:1:      lightli_iron_boxes, layout_basic, chequers_ecumenical_altar_simple,
          minmay_unequal
D:2:      layout_basic, minmay_misc_feat_diagonals
D:3:      minmay_chambers_of_threes, layout_rooms,
          mainiacjoe_overflow_six_doors_small,
          gammafunk_temple_overflow_elements, chequers_arboretum, uniq_robin,
          uniq_ijyb
D:4:      layout_cave_pools
D:5:      layout_cave_pools, kennysheep_potato, uniq_pikel, uniq_prince_ribbit1
D:6:      old_forge, layout_cave_pods, nicolae_uskayaw_murder_on_the_dancefloor,
          serial_shops, shop
D:7:      minmay_evil_eye, layout_basic, minmay_temple_entry_stoned_glass
D:8:      layout_loops_ring
D:9:      layout_long_grid, minmay_lair_entry_grove
Temple:   regret_index_temple_mists
Lair:1:   layout_gridlike, minivault_24, infiniplex_staircase_pool,
          grunt_megastairs_2, uniq_sonja
Lair:2:   layout_small_grid, gammafunk_ghost_hydra_chop, lemuel_fruit_tree
Lair:3:   layout_gridlike, minmay_shoals_entry_centaurs,
          minmay_snake_entry_guardpost_medium
Lair:4:   layout_roguey, dpeg_oklob_1

Skill      XL: |  1  2  3  4  5  6  7  8  9 10 11 12 |
---------------+-------------------------------------+-----
Fighting       | 1 2 5 8 9 |  9.0
Shields        | 1 2 3 4 5 7 10 11 | 11.3
Poison Magic   | 4 5 6 7 8 10 12 13 | 13.3
Air Magic      | 1 2 3 4 6 |  6.0
Conjurations   | 2 4 |  4.5
Dodging        | 2 4 |  4.2
Stealth        | |  1.8
Spellcasting   | |  2.0
Transmutations | |  1.0

Action                   |  1- 3 |  4- 6 |  7- 9 | 10-12 || total
-------------------------+-------+-------+-------+-------++-------
Melee: Unarmed           |    15 |       |       |       ||    15
       Mace              |    40 |   106 |   389 |   144 ||   679
       Tailslap          |     4 |     9 |    60 |    81 ||   154
       Punch             |       |     1 |     6 |     3 ||    10
       Trident           |       |       |       |   274 ||   274
 Cast: Sting             |    44 |    89 |    71 |     2 ||   206
       Poisonous Vapours |       |       |     5 |       ||     5
       Mephitic Cloud    |       |       |    10 |    32 ||    42
       Olgreb's Toxic Ra |       |       |       |    22 ||    22
Invok: Recall Ancestor   |       |       |       |     1 ||     1
       Ancestor Life: He |       |       |       |     1 ||     1
 Abil: Breathe Frost     |       |       |       |    14 ||    14
Evoke: Wand              |       |       |     1 |     1 ||     2
  Use: Scroll            |     7 |     2 |    10 |     5 ||    24
       Potion            |       |     3 |       |       ||     3
 Stab: Sleeping          |     2 |     1 |     2 |     1 ||     6
       Confused          |       |       |     4 |    14 ||    18
       Distracted        |       |       |       |     3 ||     3
Armor: Skin              |    19 |    50 |   118 |   125 ||   312
Dodge: Dodged            |    45 |   113 |   400 |   436 ||   994
Block: Tower shield      |       |       |       |    29 ||    29

Table legend: (Time is in decaauts)
 A = Elapsed time spent in this place.
 B = Non-inter-level travel time spent in this place.
 C = Inter-level travel time spent in this place.
 D = Time resting spent in this place.
 E = Time spent auto-exploring this place.
 F = Levels seen in this place.
 G = Mean time per level.
                   A        B        C        D        E       F      G
               +--------+--------+--------+--------+--------+-----+--------+
         Total |  13206 |  12355 |    851 |    527 |   8465 |  14 |  943.3 |
       Dungeon |   9176 |   8652 |    524 |    225 |   5891 |   9 | 1019.6 |
        Temple |    215 |    189 |     26 |      0 |    158 |   1 |  215.0 |
          Lair |   3814 |   3513 |    301 |    302 |   2416 |   4 |  953.5 |
               +--------+--------+--------+--------+--------+-----+--------+

Top non-repeatable levels by time:
     D:6: 1484 daAuts
  Lair:2: 1407 daAuts
  Lair:1: 1207 daAuts
     D:1: 1113 daAuts
     D:8: 1070 daAuts
     D:9: 1048 daAuts
  Lair:3: 1039 daAuts
     D:5: 1038 daAuts
     D:7: 1013 daAuts
     D:3: 940 daAuts
     D:4: 788 daAuts
     D:2: 678 daAuts
  Temple: 215 daAuts
  Lair:4: 159 daAuts
